DSL
DSL DETROIT TIGERS @ DSL TAMPA BAY RAYS
07/31/2041
 
TOP OF THE 1ST
DSL Detroit Tigers batting - Pitching for DSL Tampa Bay Rays : RHP David Morales
Pitching: RHP David Morales
Batting: LHB Buddy Burns 0-0: Ball
1-0: Called Strike
1-1: Swinging Strike
1-2: Ball
2-2: Foul Ball, location: 2F
2-2: Foul Ball, location: 5DF
2-2: Foul Ball, location: 7LMF
2-2: Strikes out swinging
Batting: RHB Ed Daniels 0-0: Ball
1-0: Fly out, F8 (Line Drive, 8LD, EV 90.0 MPH)
Batting: SHB Jesús Fernández 0-0: Ball
1-0: Swinging Strike
1-1: Ball
2-1: Called Strike
2-2: SOLO HOME RUN (Line Drive, 9LD, EV 91.9 MPH), Distance : 345 ft
Batting: RHB Tommy Bell 0-0: Ball
1-0: Called Strike
1-1: Swinging Strike
1-2: Ball
2-2: Ground out U3 (Groundball, 3S, EV 78.8 MPH)
Top of the 1st over - 1 run, 1 hit, 0 errors, 0 left on base; DSL Detroit 1 - DSL Tampa Bay 0
BOTTOM OF THE 1ST
DSL Tampa Bay Rays batting - Pitching for DSL Detroit Tigers : LHP Cisco Rodríguez
Pitching: LHP Cisco Rodríguez
Batting: RHB Manny Luna 0-0: Called Strike
0-1: Swinging Strike
0-2: Strikes out looking
Batting: RHB Juan Valverde 0-0: Ball
1-0: Foul Ball, location: 9LMF
1-1: Foul Ball, location: 5FF
1-2: Foul Ball, location: 9LMF
1-2: SINGLE (Groundball, 3D, EV 95.6 MPH)
Batting: RHB Alfredo Rosa 0-0: Grounds into double play, 6-4-3 (Groundball, 6, EV 107.5 MPH)
Bottom of the 1st over - 0 runs, 1 hit, 0 errors, 0 left on base; DSL Detroit 1 - DSL Tampa Bay 0
TOP OF THE 2ND
DSL Detroit Tigers batting - Pitching for DSL Tampa Bay Rays : RHP David Morales
Batting: RHB Dan Murdock 0-0: Ball
1-0: Foul Ball, location: 2F
1-1: Called Strike
1-2: Strikes out swinging
Batting: RHB Ánibal López 0-0: Ball
1-0: Ball
2-0: Called Strike
2-1: Ball
3-1: Foul Ball, location: 9LSF
3-2: Base on Balls
Batting: RHB Jeff Jackson 0-0: Swinging Strike
0-1: Ball
1-1: Hit by Pitch
Ánibal López to second
Batting: RHB Curt Gordon 0-0: Called Strike
0-1: Ball
1-1: Foul Ball, location: 2F
1-2: Strikes out swinging
Batting: RHB Eric Tidwell 0-0: Ball
1-0: Ball
2-0: Foul Ball, location: 2F
2-1: Swinging Strike
2-2: Ball
3-2: Strikes out looking
Top of the 2nd over - 0 runs, 0 hits, 0 errors, 2 left on base; DSL Detroit 1 - DSL Tampa Bay 0
BOTTOM OF THE 2ND
DSL Tampa Bay Rays batting - Pitching for DSL Detroit Tigers : LHP Cisco Rodríguez
Batting: LHB Beau Livingston 0-0: Ball
1-0: Swinging Strike
1-1: Swinging Strike
1-2: Ground out 3-1 (Groundball, 34, EV 77.5 MPH)
Batting: LHB Alfredo Pérez 0-0: Foul Ball, location: 2F
0-1: Ball
1-1: Called Strike
1-2: Ball
2-2: Ball
3-2: Strikes out looking
Batting: RHB Héctor Martínez 0-0: Called Strike
0-1: SINGLE (Groundball, 3D, EV 97.5 MPH)
Batting: LHB José Arredondo 0-0: Called Strike
0-1: Called Strike
0-2: Ball
1-2: Ball
2-2: Strikes out swinging
Bottom of the 2nd over - 0 runs, 1 hit, 0 errors, 1 left on base; DSL Detroit 1 - DSL Tampa Bay 0
TOP OF THE 3RD
DSL Detroit Tigers batting - Pitching for DSL Tampa Bay Rays : RHP David Morales
Batting: LHB Buddy Burns 0-0: Called Strike
0-1: Ball
1-1: Ground out 4-3 (Groundball, 4, EV 88.8 MPH)
Batting: RHB Ed Daniels 0-0: Foul Ball, location: 5FF
0-1: Called Strike
0-2: Foul Ball, location: 5FF
0-2: Ball
1-2: Foul Ball, location: 9LMFF
1-2: Ball
2-2: Fly out, F8 (Flyball, 8LXD, EV 98.1 MPH)
Batting: SHB Jesús Fernández 0-0: Swinging Strike
0-1: SINGLE (Line Drive, 9S, EV 87.5 MPH)
Batting: RHB Tommy Bell 0-0: Called Strike
0-1: Called Strike
0-2: Foul Ball, location: 5F
0-2: Strikes out swinging
Top of the 3rd over - 0 runs, 1 hit, 0 errors, 1 left on base; DSL Detroit 1 - DSL Tampa Bay 0
BOTTOM OF THE 3RD
DSL Tampa Bay Rays batting - Pitching for DSL Detroit Tigers : LHP Cisco Rodríguez
Batting: LHB Octávio Rodríguez 0-0: Swinging Strike
0-1: Ball
1-1: Ball
2-1: Foul Ball, location: 2F
2-2: Strikes out looking
Batting: RHB Héctor Mercado 0-0: Foul Ball, location: 9LMF
0-1: Foul Ball, location: 5F
0-2: Ball
1-2: Ground out 6-3 (Groundball, 6, EV 90.0 MPH)
Batting: RHB Manny Luna 0-0: Ball
1-0: Foul Ball, location: 2F
1-1: Ground out 4-3 (Groundball, 4, EV 80.0 MPH)
Bottom of the 3rd over - 0 runs, 0 hits, 0 errors, 0 left on base; DSL Detroit 1 - DSL Tampa Bay 0
TOP OF THE 4TH
DSL Detroit Tigers batting - Pitching for DSL Tampa Bay Rays : RHP David Morales
Batting: RHB Dan Murdock 0-0: Ball
1-0: Called Strike
1-1: Ball
2-1: DOUBLE (Line Drive, 7LS, EV 106.9 MPH)
Batting: RHB Ánibal López 0-0: Called Strike
0-1: Ball
1-1: Foul Ball, location: 2F
1-2: Hit by Pitch
Batting: RHB Jeff Jackson 0-0: Called Strike
0-1: Swinging Strike
0-2: Ball
1-2: Ball
2-2: Strikes out looking
Batting: RHB Curt Gordon 0-0: 3-RUN HOME RUN (Flyball, 78XD, EV 108.1 MPH), Distance : 438 ft
Batting: RHB Eric Tidwell 0-0: Called Strike
0-1: Ball
1-1: Ball
2-1: Foul Ball, location: 9LMF
2-2: Fly out, F8 (Flyball, 8RM, EV 80.6 MPH)
Batting: LHB Buddy Burns 0-0: Ball
1-0: Called Strike
1-1: Swinging Strike
1-2: Strikes out looking
Top of the 4th over - 3 runs, 2 hits, 0 errors, 0 left on base; DSL Detroit 4 - DSL Tampa Bay 0
BOTTOM OF THE 4TH
DSL Tampa Bay Rays batting - Pitching for DSL Detroit Tigers : LHP Cisco Rodríguez
Batting: RHB Juan Valverde 0-0: Called Strike
0-1: Swinging Strike
0-2: Strikes out swinging
Batting: RHB Alfredo Rosa 0-0: DOUBLE (Line Drive, 78M, EV 92.5 MPH)
Batting: LHB Beau Livingston 0-0: Ball
1-0: Called Strike
1-1: Swinging Strike
1-2: Foul Ball, location: 7LSF
1-2: Ball
2-2: Ball
3-2: Base on Balls
Batting: LHB Alfredo Pérez 0-0: Ball
1-0: Ball
2-0: Swinging Strike
2-1: Ball
3-1: Base on Balls
Alfredo Rosa to third
Beau Livingston to second
Batting: RHB Héctor Martínez 0-0: Called Strike
0-1: Foul Ball, location: 3F
0-2: Ball
1-2: Ball
2-2: Strikes out looking
Batting: LHB José Arredondo 0-0: Swinging Strike
0-1: Ball
1-1: Swinging Strike
1-2: Strikes out swinging
Bottom of the 4th over - 0 runs, 1 hit, 0 errors, 3 left on base; DSL Detroit 4 - DSL Tampa Bay 0
TOP OF THE 5TH
DSL Detroit Tigers batting - Pitching for DSL Tampa Bay Rays : RHP David Morales
Pitching: LHP José Morán
Batting: RHB Ed Daniels 0-0: Foul Ball, location: 9LDF
0-1: Swinging Strike
0-2: Foul Ball, location: 5DF
0-2: Ball
1-2: Ball
2-2: DOUBLE (Line Drive, 78D, EV 103.8 MPH)
Batting: SHB Jesús Fernández 0-0: Ball
1-0: SINGLE (Line Drive, 78S, EV 105.0 MPH)
Ed Daniels to third
Batting: RHB Tommy Bell 0-0: Ball
1-0: Foul Ball, location: 2F
1-1: Ball
2-1: Foul Ball, location: 2F
2-2: Ball
3-2: Base on Balls
Jesús Fernández to second
Batting: RHB Dan Murdock 0-0: Hit by Pitch
Ed Daniels scores
Jesús Fernández to third
Tommy Bell to second
Batting: RHB Ánibal López 0-0: Ball
1-0: Grounds into double play, 4-6-3 (Groundball, 4, EV 89.4 MPH)
Jesús Fernández scores
Tommy Bell to third
Batting: RHB Jeff Jackson 0-0: SINGLE (Line Drive, 5D, EV 105.6 MPH)
Tommy Bell scores
Batting: RHB Curt Gordon 0-0: Ball
1-0: Called Strike
1-1: Fly out, F2 (Popup, 23F, EV 78.1 MPH)
Top of the 5th over - 3 runs, 3 hits, 0 errors, 1 left on base; DSL Detroit 7 - DSL Tampa Bay 0
BOTTOM OF THE 5TH
DSL Tampa Bay Rays batting - Pitching for DSL Detroit Tigers : LHP Cisco Rodríguez
Batting: LHB Octávio Rodríguez 0-0: Fly out, F8 (Flyball, 8LD, EV 102.5 MPH)
Batting: RHB Héctor Mercado 0-0: Called Strike
0-1: Fly out, F7 (Flyball, 7LD, EV 95.6 MPH)
Batting: RHB Manny Luna 0-0: Called Strike
0-1: Swinging Strike
0-2: SINGLE (Groundball, 6M, EV 99.4 MPH) (infield hit)
Batting: RHB Juan Valverde 0-0: Called Strike
Manny Luna steals 2nd base (no throw)
0-1: Ball
1-1: Ground out 6-3 (Groundball, 56, EV 103.1 MPH)
Bottom of the 5th over - 0 runs, 1 hit, 0 errors, 1 left on base; DSL Detroit 7 - DSL Tampa Bay 0
TOP OF THE 6TH
DSL Detroit Tigers batting - Pitching for DSL Tampa Bay Rays : LHP José Morán
Batting: RHB Eric Tidwell 0-0: Ball
1-0: Ball
2-0: Foul Ball, location: 9LMF
2-1: Foul Ball, location: 2F
2-2: Strikes out swinging
Batting: LHB Buddy Burns 0-0: Ground out 6-3 (Groundball, 6, EV 101.9 MPH)
Batting: RHB Ed Daniels 0-0: Ball
1-0: Called Strike
1-1: SINGLE (Groundball, 34D, EV 98.8 MPH)
Batting: SHB Jesús Fernández 0-0: Ball
1-0: Ball
2-0: Called Strike
2-1: Ball
3-1: 2-RUN HOME RUN (Flyball, 78XD, EV 99.4 MPH), Distance : 392 ft
Pitching: LHP Jorge Hernández
Batting: RHB Tommy Bell 0-0: Called Strike
0-1: Called Strike
0-2: Ball
1-2: Ball
2-2: Ball
3-2: Base on Balls
Batting: RHB Dan Murdock 0-0: Called Strike
0-1: Foul Ball, location: 2F
0-2: Ball
1-2: Foul Ball, location: 2F
1-2: SINGLE (Groundball, 6MD, EV 103.1 MPH)
Tommy Bell to second
Batting: RHB Ánibal López 0-0: Ball
1-0: Ball
2-0: Foul Ball, location: 3F
2-1: Called Strike
2-2: Ball
3-2: Base on Balls
Tommy Bell to third
Dan Murdock to second
Batting: RHB Jeff Jackson 0-0: Ball
1-0: Ball
2-0: Foul Ball, location: 23F
2-1: Foul Ball, location: 2F
2-2: Ball
3-2: Strikes out swinging
Top of the 6th over - 2 runs, 3 hits, 0 errors, 3 left on base; DSL Detroit 9 - DSL Tampa Bay 0
BOTTOM OF THE 6TH
DSL Tampa Bay Rays batting - Pitching for DSL Detroit Tigers : LHP Cisco Rodríguez
Batting: RHB Alfredo Rosa 0-0: Called Strike
0-1: Foul Ball, location: 3F
0-2: Ball
1-2: Ball
2-2: Ball
3-2: Strikes out swinging
Batting: LHB Beau Livingston 0-0: Called Strike
0-1: Called Strike
0-2: Ball
1-2: Ball
2-2: Foul Ball, location: 23F
2-2: Ball
3-2: Strikes out looking
Batting: LHB Alfredo Pérez 0-0: Ball
1-0: Ball
2-0: Foul Ball, location: 2F
2-1: Ball
3-1: TRIPLE (Line Drive, 8LXD, EV 96.9 MPH)
Batting: RHB Héctor Martínez 0-0: Foul Ball, location: 25FF
0-1: Ground out 5-3 (Groundball, 5, EV 103.1 MPH)
Bottom of the 6th over - 0 runs, 1 hit, 0 errors, 1 left on base; DSL Detroit 9 - DSL Tampa Bay 0
TOP OF THE 7TH
DSL Detroit Tigers batting - Pitching for DSL Tampa Bay Rays : LHP Jorge Hernández
Batting: RHB Curt Gordon 0-0: Swinging Strike
0-1: Foul Ball, location: 9LMF
0-2: Strikes out swinging
Pinch Hitting: LHB Ánibal Betancourt 0-0: Ball
1-0: Swinging Strike
1-1: Ball
2-1: Foul Ball, location: 7LMF
2-2: Strikes out swinging
Batting: LHB Buddy Burns 0-0: Called Strike
0-1: Swinging Strike
0-2: Strikes out looking
Top of the 7th over - 0 runs, 0 hits, 0 errors, 0 left on base; DSL Detroit 9 - DSL Tampa Bay 0
BOTTOM OF THE 7TH
DSL Tampa Bay Rays batting - Pitching for DSL Detroit Tigers : LHP Cisco Rodríguez
Now in RF: Jarred McClain
Batting: LHB José Arredondo 0-0: Called Strike
0-1: Swinging Strike
0-2: Ball
1-2: Strikes out looking
Batting: LHB Octávio Rodríguez 0-0: Foul Ball, location: 2F
0-1: Swinging Strike
0-2: Strikes out looking
Batting: RHB Héctor Mercado 0-0: Ball
1-0: Swinging Strike
1-1: Foul Ball, location: 3FF
1-2: Strikes out swinging
Bottom of the 7th over - 0 runs, 0 hits, 0 errors, 0 left on base; DSL Detroit 9 - DSL Tampa Bay 0
TOP OF THE 8TH
DSL Detroit Tigers batting - Pitching for DSL Tampa Bay Rays : LHP Jorge Hernández
Pinch Hitting: SHB Johnathan Green 0-0: Called Strike
0-1: Ball
1-1: Ball
2-1: Ball
3-1: Foul Ball, location: 2F
3-2: Base on Balls
Pinch Hitting: RHB Adrián García 0-0: Ball
1-0: Swinging Strike
1-1: Called Strike
1-2: Ball
2-2: Strikes out looking
Batting: RHB Tommy Bell 0-0: Ball
1-0: Ball
2-0: Ball
3-0: Called Strike
3-1: Called Strike
3-2: Foul Ball, location: 2F
3-2: Strikes out swinging
Pinch Hitting: SHB Phil Weaver 0-0: Swinging Strike
0-1: Ball
1-1: Foul Ball, location: 2F
1-2: Ball
2-2: Strikes out swinging
Top of the 8th over - 0 runs, 0 hits, 0 errors, 1 left on base; DSL Detroit 9 - DSL Tampa Bay 0
BOTTOM OF THE 8TH
DSL Tampa Bay Rays batting - Pitching for DSL Detroit Tigers : LHP Cisco Rodríguez
Now at 1B: Phil Weaver
Now at 2B: Johnathan Green
Now in LF: António Sánchez
Batting: RHB Manny Luna 0-0: Ball
1-0: Ball
2-0: Ball
3-0: Called Strike
3-1: Ground out 4-3 (Groundball, 4, EV 79.4 MPH)
Batting: RHB Juan Valverde 0-0: Ground out 6-3 (Groundball, 6, EV 108.1 MPH)
Batting: RHB Alfredo Rosa 0-0: Foul Ball, location: 9LSF
0-1: Ball
1-1: Foul Ball, location: 2F
1-2: Ball
2-2: Strikes out swinging
Bottom of the 8th over - 0 runs, 0 hits, 0 errors, 0 left on base; DSL Detroit 9 - DSL Tampa Bay 0
TOP OF THE 9TH
DSL Detroit Tigers batting - Pitching for DSL Tampa Bay Rays : LHP Jorge Hernández
Batting: RHB Ánibal López 0-0: Called Strike
0-1: Foul Ball, location: 2RF
0-2: Ball
1-2: Foul Ball, location: 9LDF
1-2: Foul Ball, location: 5FF
1-2: Ball
2-2: DOUBLE (Line Drive, 7LS, EV 104.4 MPH)
Pitching: RHP Jorge Trujillo
Batting: RHB Chad Cantrell 0-0: Called Strike
0-1: Ball
1-1: Foul Ball, location: 2F
1-2: Foul Ball, location: 25FF
1-2: Ball
2-2: Fly out, F9 (Flyball, 89S, EV 95.0 MPH)
Pinch Hitting: RHB Pepe Martínez 0-0: Called Strike
0-1: Ball
1-1: Ball
2-1: Ball
3-1: Base on Balls
Pinch Hitting: LHB Ismael Ávila 0-0: Foul Ball, location: 7LDF
0-1: Ball
1-1: Foul Ball, location: 23FF
1-2: Ball
2-2: Foul Ball, location: 7LDF
2-2: Foul Ball, location: 2F
2-2: Foul Ball, location: 7LSF
2-2: Ball
3-2: Base on Balls
Ánibal López to third
Pepe Martínez to second
Pinch Hitting: RHB Ty Carlson 0-0: Called Strike
0-1: Grounds into fielders choice 5-2 (Groundball, 56S, EV 90.6 MPH)
Pepe Martínez to third
Ismael Ávila to second
Batting: SHB Johnathan Green 0-0: Ball
1-0: Ball
2-0: Foul Ball, location: 2RF
2-1: SINGLE (Groundball, 5S, EV 66.9 MPH) (infield hit)
Pepe Martínez scores
Ismael Ávila to third
Ty Carlson to second
Batting: RHB António Sánchez 0-0: Foul Ball, location: 2F
0-1: Swinging Strike
0-2: Foul Ball, location: 2F
0-2: Foul Ball, location: 25F
0-2: Ball
1-2: Strikes out swinging
Top of the 9th over - 1 run, 2 hits, 0 errors, 3 left on base; DSL Detroit 10 - DSL Tampa Bay 0
BOTTOM OF THE 9TH
DSL Tampa Bay Rays batting - Pitching for DSL Detroit Tigers : LHP Cisco Rodríguez
Pitching: LHP Steve Ryan
Now at 1B: Ty Carlson
Now at 3B: Phil Weaver
Now in CF: Bob Cash
Now in RF: Luis Rodríguez
Batting: LHB Beau Livingston 0-0: Ball
1-0: Ball
2-0: Ball
3-0: Base on Balls
Batting: LHB Alfredo Pérez 0-0: Swinging Strike
0-1: Swinging Strike
0-2: Ball
1-2: Foul Ball, location: 23F
1-2: Strikes out swinging
Batting: RHB Héctor Martínez 0-0: Called Strike
0-1: Ball
1-1: Ball
2-1: SINGLE (Groundball, 6MS, EV 70.6 MPH) (infield hit)
Beau Livingston to second
Batting: LHB Juan Orozco 0-0: Ball
1-0: Called Strike
1-1: Ball
2-1: 3-RUN HOME RUN (Flyball, 7LD, EV 93.1 MPH), Distance : 332 ft
Pitching: RHP Chris Trent
Pinch Hitting: LHB Norberto Burgos 0-0: Ball
1-0: Swinging Strike
1-1: Ground out U3 (Groundball, 34, EV 85.6 MPH)
Pinch Hitting: LHB António Cuevas 0-0: Called Strike
0-1: Ground out 4-3 (Groundball, 4, EV 90.6 MPH)
Bottom of the 9th over - 3 runs, 2 hits, 0 errors, 0 left on base; DSL Detroit 10 - DSL Tampa Bay 3
Wednesday, April 3rd , 2024 - OOTP Baseball 24.10 Build 82